 Dungeon Sprint DCSS version 0.29-a0-275-g389c0b56f3 (webtiles) character file.

Game seed: 7050204676241931101

24927 mhtbhm the Axe Maniac (level 12, -5/208 HPs)
             Began as a Minotaur Berserker on Mar 12, 2022.
             Was the Champion of Trog.
             Slain by an iron golem (17 damage)
             ... in the Dungeon (Sprint II: "The Violet Keep of Menkaure").
             The game lasted 00:08:44 (3298 turns).

mhtbhm the Axe Maniac (Minotaur Berserker)          Turns: 3298, Time: 00:08:45

Health: -5/208     AC: 13    Str: 27    XL:     12   Next: 85%
Magic:  11/11      EV: 14    Int:  4    God:    Trog [******]
Gold:   2369       SH:  5    Dex: 11    Spells: 11/11 levels left

rFire   + + .      SeeInvis .   a - +5 executioner's axe (vorpal)
rCold   . . .      Faith    .   (shield currently unavailable)
rNeg    . . .      Spirit   .   b - +3 scale mail "Mulielog" {rPois Regen+ Dex-3}
rPois   +          Reflect  +   y - +0 hat
rElec   +          Harm     .   w - +0 cloak
rCorr   .          Rampage  .   x - +0 pair of gloves
Will    .....      NoTele   +   (no boots)
Stlth   ..........              I - amulet of reflection
HPRegen 1.24/turn               i - ring of protection from fire
MPRegen 0.12/turn               B - ring of Eniossad {+Blink rElec rF+ Dex+6}

@: berserking, very quick
A: horns 2, retaliatory headbutt, clumsy 1, deformed body
a: Renounce Religion, Evoke Blink, Berserk, Trog's Hand, Brothers in Arms


You were in the Dungeon.
You worshipped Trog.
Trog was exalted by your worship.
You visited 1 branch You collected 3045 gold pieces.
You spent 676 gold pieces at shops.

Inventory:

Hand Weapons
 a - a +5 vorpal executioner's axe (weapon)
Missiles
 v - 7 poisoned darts (quivered)
Armour
 b - the +3 scale mail "Mulielog" (worn) {rPois Regen+ Dex-3}
   (You bought it in a shop in the Dungeon)

   Dex:       It affects your dexterity (-3).
   rPois:     It protects you from poison.
   Regen:     It increases your rate of health regeneration.
 w - a +0 cloak (worn)
 x - a +0 pair of gloves (worn)
 y - a +0 hat (worn)
Jewellery
 i - a ring of protection from fire (left hand)
 B - the ring of Eniossad (right hand) {+Blink rElec rF+ Dex+6}
   (You found it in the Dungeon)

   [ring of dexterity]

   Dex:       It affects your dexterity (+6).
   rF:        It protects you from fire.
   rElec:     It insulates you from electricity.
   +Blink:    It lets you blink.
 C - the ring "Taikhy" {Ice rCorr}
   (You found it in the Dungeon)

   [ring of ice]

   It enhances your ice magic.
   rF:        It makes you vulnerable to fire.
   rC:        It protects you from cold.
   rCorr:     It protects you from acid and corrosion.
 D - the ring of Uwiuseci {rPois Str+2 SInv}
   (You found it in the Dungeon)

   [ring of poison resistance]

   Str:       It affects your strength (+2).
   rPois:     It protects you from poison.
   SInv:      It lets you see invisible.
 E - the ring of the Real Monster {Fire rN+ Str+2}
   (You found it in the Dungeon)

   [ring of fire]

   It enhances your fire magic.
   Str:       It affects your strength (+2).
   rF:        It protects you from fire.
   rC:        It makes you vulnerable to cold.
   rN:        It protects you from negative energy.
 F - a +4 ring of protection
 I - an amulet of reflection (around neck)
Scrolls
 d - 2 scrolls of fog {unknown}
 h - a scroll of blinking
 k - 3 scrolls of identify {unknown}
 m - a scroll of vulnerability {unknown}
 n - a scroll of fear {unknown}
 q - a scroll of enchant armour {unknown}
 t - a scroll of holy word {unknown}
 z - 8 scrolls of acquirement {unknown}
Potions
 c - 4 potions of curing
 e - 8 potions of haste
 f - 6 potions of magic
 g - 3 potions of berserk rage
 j - a potion of brilliance {unknown}
 l - 5 potions of flight
 o - a potion of mutation {unknown}
 p - 3 potions of attraction {unknown}
 s - a potion of ambrosia {unknown}
 u - 3 potions of resistance {unknown}
Miscellaneous
 A - a box of beasts
 H - a phantom mirror


   Skills:
 + Level 22.8 Fighting
 O Level 27 Axes
 + Level 14.4 Armour
 + Level 10.6 Dodging
 - Level 1.1 Stealth
 + Level 1.7 Evocations


You had 11 spell levels left.
You didn't know any spells.
Your spell library was empty.

Dungeon Overview and Level Annotations

Branches:
Dungeon (1/1)

Altars:
Cheibriados
Dithmenos
Elyvilon
Fedhas
Gozag
Hepliaklqana
Kikubaaqudgha
Makhleb
Nemelex Xobeh
Okawaru
Qazlal
Ru
Sif Muna
Trog
Uskayaw
Vehumet
Wu Jian
Xom
Yredelemnul
Zin
The Shining One
Beogh
Jiyva
Lugonu

Shops:
D !(:[==(::[[?:!=[(*:

Annotations:
D exclusion: oklob plant


Innate Abilities, Weirdness & Mutations

You have a pair of horns on your head.
You reflexively headbutt those who attack you in melee.
You are clumsy. (Dex -2)
Armour fits poorly on your strangely shaped body.


Message History

You hit the iron golem but do no damage.
The iron golem is lightly damaged.
You slice the iron golem!! Your headbutt misses the iron golem.
The iron golem is lightly damaged.
The iron golem misses you. The iron golem hits you!!
You hit the iron golem.
The iron golem is lightly damaged.
You hit the iron golem but do no damage.
The iron golem is lightly damaged.
The iron golem hits you!! x2
* * * LOW HITPOINT WARNING * * *
You hit the iron golem.
The iron golem is moderately damaged.
You slice the iron golem!!
The iron golem is moderately damaged.
The iron golem completely misses you. You furiously retaliate!
You headbutt the iron golem. You block the iron golem's attack.
You open the iron golem like a pillowcase!!!
You headbutt the iron golem, but do no damage.
The iron golem is heavily damaged.
You chop the iron golem into pieces!!!
You headbutt the iron golem, but do no damage.
The iron golem is severely damaged.
The iron golem barely misses you. You furiously retaliate!
You headbutt the iron golem! The iron golem hits you.
* * * LOW HITPOINT WARNING * * *
You slice the iron golem!!
The iron golem is severely damaged.
You carve the iron golem like a ham!!!
The iron golem is almost destroyed.
The iron golem hits you!!!
* * * LOW HITPOINT WARNING * * *
The iron golem completely misses you.
You hit the iron golem.
The iron golem is almost destroyed.
You barely miss the iron golem.
You headbutt the iron golem, but do no damage.
The iron golem is almost destroyed.
The iron golem hits you!
You die...

###### #...|# ###."|)##▓
#....(...▓ #(...[...▓
▓▓▓ ##⌠....#@▓ ..▓
##†††.#.9▓▓▓+▓▓▓▓.▓
##''##...+..°▓0..▓
##≈.).###.#..°▓▓▓▓▓▓▓▓▓▓
#
#)≈.^...#.#.°°▓≈§§§§§≈≈▓
#++
####÷.^^#.##○|▓▓▓▓▓▓▓▓▓▓
...
#..'....#..#°)▓.))))...▓
≈.##+##
#..####.#..#|)▓...[(.(.▓
≈##...##
####.('.##.#)=▓...(.[).▓


You could see an iron golem.

Vanquished Creatures
  An electric golem (D)
  A deep elf master archer (D)
  Gastronok (D)
  2 sphinxes (D)
  A kraken (D)
  A dire elephant (D)
  Nessos (D)
  An ice dragon (D)
  A hell hog (D)
  3 sixfirhies (D)
  2 deep trolls (D)
  3 orc sorcerers (D)
  A shining eye (D)
  3 manticores (D)
  A toenail golem (D)
  2 cane toads (D)
  A yaktaur (D)
  A hornet (D)
  3 polar bears (D)
  A blink frog (D)
  12 flying skulls (D)
  3 wyverns (D)
  Menkaure (D)
  3 neqoxecs (D)
  5 water moccasins (D)
  2 swamp drakes (D)
  3 black bears (D)
  4 necrophages (D)
  4 scorpions (D)
  2 earth elementals (D)
  4 lava snakes (D)
  A jelly (D)
  A spectral adder (D)
  3 worms (D)
  A spectral bat (D)
  7 tentacles (D)
87 creatures vanquished.

Vanquished Creatures (collateral kills)
  A crystal guardian (D)
  An iron elemental (D)
  A hell hog (D)
  2 death drakes (D)
  2 shining eyes (D)
7 creatures vanquished.

Vanquished Creatures (others)
  A neqoxec (D)
  5 tentacles (D)
6 creatures vanquished.

Grand Total: 100 creatures vanquished

Notes
Turn   | Place    | Note
-------+----------+-------------------------------------------
     0 | D        | mhtbhm the Minotaur Berserker began the quest for the Orb.
     0 | D        | Reached XP level 1. HP: 19/19 MP: 0/0
     1 | D        | Noticed a neqoxec
     7 | D        | Noticed a neqoxec
     8 | D        | Gained mutation: You are clumsy. (Dex -2) [a neqoxec]
    10 | D        | Killed a neqoxec
    11 | D        | Reached skill level 8 in Axes
    11 | D        | Reached XP level 2. HP: 35/35 MP: 1/1
    11 | D        | Reached XP level 3. HP: 40/40 MP: 2/2
    11 | D        | Reached XP level 4. HP: 48/48 MP: 3/3
    14 | D        | Killed a neqoxec
    15 | D        | Reached skill level 10 in Axes
    15 | D        | Reached skill level 5 in Armour
    15 | D        | Reached skill level 5 in Dodging
    15 | D        | Reached XP level 5. HP: 57/57 MP: 4/4
    15 | D        | Noticed a neqoxec
    19 | D        | Killed a neqoxec
    19 | D        | Reached ** piety under Trog
    20 | D        | Reached skill level 10 in Fighting
    20 | D        | Reached skill level 11 in Axes
    20 | D        | Reached XP level 6. HP: 64/67 MP: 5/5
    96 | D        | Noticed a water moccasin
   101 | D        | Killed a water moccasin
   171 | D        | Killed a neqoxec
   210 | D        | Reached skill level 12 in Axes
   216 | D        | Reached XP level 7. HP: 59/74 MP: 6/6
   463 | D        | Reached *** piety under Trog
   514 | D        | Reached skill level 13 in Axes
   566 | D        | Reached **** piety under Trog
   578 | D        | Reached ***** piety under Trog
   627 | D        | Found Zyes's Distillery.
   627 | D        | Found Sistrivit's Magic Scroll Boutique.
   627 | D        | Found Zihez's Antique Weapon Shop.
   627 | D        | Found Tuosaqer's Book Boutique.
   627 | D        | Found Guppaneu's Jewellery Boutique.
   628 | D        | Found Defa's Antique Armour Boutique.
   628 | D        | Found Durphijuo's Armour Shop.
   628 | D        | Found Hipamuer's Antique Armour Boutique.
   629 | D        | Found Ubig's Book Shop.
   629 | D        | Found Igaew's Book Boutique.
   635 | D        | Noticed a blink frog
   658 | D        | Killed a blink frog
   659 | D        | Reached skill level 14 in Axes
   659 | D        | Reached XP level 8. HP: 30/86 MP: 7/7
   896 | D        | Noticed a slime creature
   897 | D        | Found Levahas's Jewellery Boutique.
   897 | D        | Found Foraados's Jewellery Shop.
   897 | D        | Noticed a slime creature
   897 | D        | Noticed a slime creature
   897 | D        | Noticed an oklob plant
   898 | D        | Found Gavievabb's Weapon Shop.
   898 | D        | Found Bofuzxig's Book Shoppe.
   898 | D        | Found Lothuphy's Distillery.
   933 | D        | Bought the +3 scale mail "Mulielog" {rPois Regen+ Dex-3}
                  | for 334 gold pieces
   942 | D        | Bought a ring of protection from fire for 300 gold pieces
   947 | D        | Noticed a death yak
   961 | D        | Bought a potion of flight for 42 gold pieces
   966 | D        | Noticed a fire dragon
  1037 | D        | Found a snail-covered altar of Cheibriados.
  1037 | D        | Found a hazy altar of Hepliaklqana.
  1038 | D        | Found a shadowy altar of Dithmenos.
  1038 | D        | Found a viscous altar of Jiyva.
  1038 | D        | Found a stormy altar of Qazlal.
  1050 | D        | Identified the +5 shortbow of Arbitration {vorpal, Str+2
                  | Stlth+}
  1053 | D        | Found a sacrificial altar of Ru.
  1053 | D        | Found an ancient bone altar of Kikubaaqudgha.
  1053 | D        | Found a white marble altar of Elyvilon.
  1054 | D        | Found an ornate altar of the Wu Jian Council.
  1054 | D        | Found a shimmering blue altar of Sif Muna.
  1054 | D        | Found a corrupted altar of Lugonu.
  1054 | D        | Found a blossoming altar of Fedhas.
  1056 | D        | Found a shimmering altar of Xom.
  1056 | D        | Found a bloodstained altar of Trog.
  1056 | D        | Found a burning altar of Makhleb.
  1056 | D        | Found an opulent altar of Gozag.
  1058 | D        | Noticed Menkaure
  1060 | D        | Noticed a polar bear
  1061 | D        | Noticed a polar bear
  1062 | D        | Noticed a hornet
  1062 | D        | Noticed a polar bear
  1063 | D        | Noticed a yaktaur
  1068 | D        | Killed Menkaure
  1068 | D        | Received a gift from Trog
  1069 | D        | Reached skill level 15 in Axes
  1071 | D        | Killed a polar bear
  1074 | D        | Killed a hornet
  1076 | D        | Killed a polar bear
  1077 | D        | Reached skill level 16 in Axes
  1077 | D        | Found a sparkling altar of Nemelex Xobeh.
  1077 | D        | Found a hide-covered altar of Uskayaw.
  1077 | D        | Found a basalt altar of Yredelemnul.
  1080 | D        | Killed a yaktaur
  1081 | D        | Reached skill level 15 in Fighting
  1081 | D        | Reached XP level 9. HP: 86/97 MP: 8/8
  1089 | D        | Killed a polar bear
  1099 | D        | Found an iron altar of Okawaru.
  1099 | D        | Found a radiant altar of Vehumet.
  1099 | D        | Found a glowing silver altar of Zin.
  1258 | D        | Reached skill level 17 in Axes
  1300 | D        | Noticed a kraken
  1557 | D        | Killed a kraken
  1558 | D        | Reached skill level 18 in Axes
  1558 | D        | Reached skill level 1 in Stealth
  1649 | D        | Found a glowing golden altar of the Shining One.
  1652 | D        | Received a gift from Trog
  1662 | D        | Noticed a deep troll
  1662 | D        | Noticed a deep troll
  1666 | D        | Killed a deep troll
  1667 | D        | Reached XP level 10. HP: 99/111 MP: 9/9
  1667 | D        | Killed a deep troll
  1668 | D        | Reached skill level 19 in Axes
  1740 | D        | Noticed a sixfirhy
  1809 | D        | Noticed a sphinx
  1809 | D        | Noticed a sphinx
  1816 | D        | Killed a sphinx
  1816 | D        | Paralysed by a sphinx for 3 turns
  1817 | D        | Reached skill level 10 in Armour
  1820 | D        | Killed a sphinx
  1820 | D        | Received a gift from Trog
  1820 | D        | Reached ****** piety under Trog
  1821 | D        | Reached skill level 20 in Axes
  1945 | D        | Noticed a sixfirhy
  1948 | D        | Noticed a sixfirhy
  1955 | D        | Found Pan Yllai's Book Shoppe.
  1956 | D        | Found Eniolu Dai's Assorted Antiques.
  1991 | D        | Killed a sixfirhy
  2001 | D        | Killed a sixfirhy
  2002 | D        | Reached skill level 21 in Axes
  2002 | D        | Reached XP level 11. HP: 45/121 MP: 10/10
  2005 | D        | Killed a sixfirhy
  2178 | D        | Noticed Gastronok
  2184 | D        | Killed Gastronok
  2184 | D        | Received a gift from Trog
  2254 | D        | Noticed a dire elephant
  2254 | D        | Noticed an orc sorcerer
  2254 | D        | Noticed an orc sorcerer
  2254 | D        | Noticed an orc sorcerer
  2258 | D        | Killed a dire elephant
  2259 | D        | Reached skill level 22 in Axes
  2261 | D        | Killed an orc sorcerer
  2264 | D        | Killed an orc sorcerer
  2264 | D        | Received a gift from Trog
  2266 | D        | Killed an orc sorcerer
  2311 | D        | Identified the +11 shortbow of Ru's Vengeance {vorpal,
                  | Will- rCorr Dex-3 Stlth+}
  2313 | D        | Identified the +0 robe of Perfidy {rC+}
  2333 | D        | Identified the ring of Eniossad {+Blink rElec rF+ Dex+6}
  2335 | D        | Identified the ring "Taikhy" {Ice rCorr}
  2344 | D        | Identified the +7 glaive of the Pits of Slime {freeze,
                  | rElec Will+ Dex+10 Stlth-}
  2357 | D        | Identified the ring of Uwiuseci {rPois Str+2 SInv}
  2359 | D        | Identified the +8 long sword of Vyaskynk {elec, +Blink
                  | rElec rPois rF-}
  2362 | D        | Identified the ring of the Real Monster {Fire rN+ Str+2}
  2396 | D        | Reached skill level 23 in Axes
  2397 | D        | Received a gift from Trog
  2496 | D        | Found Nigimya's Antique Weapon Shoppe.
  2497 | D        | Found Pyokes's Armour Shop.
  2498 | D        | Noticed Nessos
  2511 | D        | Killed Nessos
  2764 | D        | Noticed a death drake
  2764 | D        | Noticed a crystal guardian
  2765 | D        | Noticed a death drake
  2768 | D        | Killed a death drake
  2768 | D        | Received a gift from Trog
  2769 | D        | Reached skill level 24 in Axes
  2769 | D        | Reached skill level 10 in Dodging
  2770 | D        | Killed a crystal guardian
  2771 | D        | Reached XP level 12. HP: 134/134 MP: 11/11
  2979 | D        | Received a gift from Trog
  3006 | D        | Noticed a deep elf master archer
  3042 | D        | Killed a deep elf master archer
  3043 | D        | Reached skill level 25 in Axes
  3114 | D        | Noticed a hell hog
  3114 | D        | Noticed a hell hog
  3114 | D        | Noticed an ice dragon
  3114 | D        | Noticed an iron elemental
  3118 | D        | Received a gift from Trog
  3121 | D        | Reached skill level 1 in Evocations
  3121 | D        | Killed a hell hog
  3123 | D        | Gained mutation: Armour fits poorly on your strangely
                  | shaped body. [a shining eye]
  3126 | D        | Reached skill level 26 in Axes
  3127 | D        | Killed an iron elemental
  3129 | D        | Killed an ice dragon
  3130 | D        | Killed a hell hog
  3276 | D        | Noticed an electric golem
  3276 | D        | Noticed an iron golem
  3281 | D        | Killed an electric golem
  3284 | D        | Reached skill level 27 in Axes
  3284 | D        | Received a gift from Trog
  3298 | D        | Slain by an iron golem

Illustrated notes

Levels and vault maps discovered:
D:        the_violet_keep_of_menkaure [sprint2_stairs_cluster_1,
          sprint2_shoproom, sprint2_temple, sprint2_basic_supplies,
          sprint2_obstacle_6, sprint2_obstacle_5, sprint2_obstacle_3,
          sprint2_obstacle_2, sprint2_obstacle_1, sprint2_timed_cluster_1,
          sprint2_smallroom_cluster_1, sprint2_smallroom_final_cluster_1,
          sprint2_transparent_cluster_1, sprint2_second_timed_cluster_1,
          sprint2_sniper_area_1, sprint2_heavy_combat_area_1,
          sprint2_mutation_trap_area_1, sprint2_forest_area_1,
          sprint2_light_combat_area_1, sprint2_behind_water_1,
          sprint2_near_end_vault_1]

Skill      XL: |  1  2  3  4  5  6  7  8  9 10 11 12 |
---------------+-------------------------------------+-----
Fighting       | 7 9 10 11 13 15 17 18 20 22 | 22.8
Axes           | 8 10 11 12 14 16 18 21 24 27 | 27.0
Armour         | 4 5 6 7 9 11 13 14 | 14.4
Dodging        | 4 5 6 7 8 9 10 | 10.6
Stealth        | 1 |  1.1
Evocations     | 1 |  1.7

Action                   |  1- 3 |  4- 6 |  7- 9 | 10-12 || total
-------------------------+-------+-------+-------+-------++-------
Melee: Hand axe          |     7 |    24 |    75 |       ||   106
       Headbutt          |       |     3 |    14 |    23 ||    40
       Punch             |       |     2 |     1 |       ||     3
       Executioner's axe |       |       |    26 |   129 ||   155
Invok: Berserk           |     1 |     1 |     5 |     9 ||    16
       Brothers in Arms  |       |       |       |     2 ||     2
Evoke: Box of beasts     |       |       |       |     2 ||     2
  Use: Potion            |       |       |     2 |     4 ||     6
Armor: Animal skin       |       |     1 |     2 |       ||     3
       Scale mail        |       |       |    26 |    44 ||    70
Dodge: Dodged            |     2 |     5 |    43 |    76 ||   126
Block: Other             |       |       |       |     3 ||     3

Table legend: (Time is in decaauts)
 A = Elapsed time spent in this place.
 B = Non-inter-level travel time spent in this place.
 C = Inter-level travel time spent in this place.
 D = Time resting spent in this place.
 E = Time spent auto-exploring this place.
 F = Levels seen in this place.
 G = Mean time per level.
                   A        B        C        D        E       F      G
               +--------+--------+--------+--------+--------+-----+--------+
         Total |   3480 |   3480 |      0 |   2073 |      0 |   1 | 3480.0 |
       Dungeon |   3480 |   3480 |      0 |   2073 |      0 |   1 | 3480.0 |
               +--------+--------+--------+--------+--------+-----+--------+

Top non-repeatable levels by time:
       D: 3480 daAuts
